 Dungeon Crawl Stone Soup version 0.25-a0-178-gc9f82b1288 (webtiles) character file.

Game seed: 13035430552854650339, levelgen mode: deterministic

50 vurker the Gusty (level 3, -1/20 HPs)
             Began as a Tengu Air Elementalist on Nov 26, 2019.
             Slain by an ogre
             ... wielding a +0 giant club
              (18 damage)
             ... on level 2 of the Dungeon.
             The game lasted 00:02:07 (1302 turns).

vurker the Gusty (Tengu Air Elementalist)           Turns: 1302, Time: 00:02:08

Health: -1/20      AC:  2    Str:  8    XL:     3   Next: 79%
Magic:  1/7        EV: 12    Int: 16    God:
Gold:   121        SH:  0    Dex: 14    Spells: 3/7 levels left

rFire    . . .     SeeInvis .   b - +0 dagger
rCold    . . .     Gourm    .   (no shield)
rNeg     . . .     Faith    .   a - +0 robe
rPois    .         Spirit   .   (helmet restricted)
rElec    .         Reflect  .   (no cloak)
rCorr    .         Harm     .   (no gloves)
MR       +....                  (boots unavailable)
Stlth    ++........             (no amulet)
HPRegen  0.06/turn              i - ring of protection from magic
MPRegen  0.10/turn              (no ring)

@: very slightly contaminated
A: beak, talons 3
a: no special abilities


You were on level 2 of the Dungeon.
You were not hungry.

You visited 1 branch of the dungeon, and saw 2 of its levels.

You collected 121 gold pieces.

Inventory:

Hand Weapons
 b - a +0 dagger (weapon)
   (You took it off a goblin on level 1 of the Dungeon)
Armour
 a - a +0 robe (worn)
Jewellery
 i - a ring of protection from magic (left hand)
   (You found it on level 2 of the Dungeon)
Scrolls
 d - a scroll of noise {unknown}
 f - 2 scrolls of magic mapping {unknown}
 g - a scroll of identify {unknown}
 h - a scroll of fog {unknown}
 j - a scroll of enchant armour {unknown}
Potions
 k - a potion of degeneration {unknown}
Comestibles
 c - 3 chunks of flesh
 e - 5 rations


   Skills:
 + Level 1.0 Fighting
 - Level 2.1 Dodging
 - Level 2.0 Stealth
 * Level 2.5 Spellcasting
 * Level 2.8 Conjurations
 * Level 4.6 Air Magic


You had 3 spell levels left.
You knew the following spells:

 Your Spells              Type           Power        Failure   Level  Hunger
a - Shock                 Conj/Air       ##..         4%          1    #......
b - Static Discharge      Conj/Air       ##......     13%         3    ###....

Your spell library contained the following spells:

 Spells                   Type           Power        Failure   Level  Hunger
 Swiftness                Chrm/Air       #.......     12%         2    ##.....
 Airstrike                Air            ###.......   28%         4    #####..
 Lightning Bolt           Conj/Air       ##........   75%         5    ######.


Dungeon Overview and Level Annotations

Branches:
Dungeon (2/15)

Altars:
Ru


Innate Abilities, Weirdness & Mutations

You have a beak for a mouth.
You have claws for feet.


Message History

You start memorising the spell.
You continue memorising. x3
You finish memorising.
Spell assigned to 'b'.
You now have 121 gold pieces (gained 13).
k - a purple potion Some of the chunks of flesh in your inventory have rotted away.
An adder comes into view.
Aim: an adder (resting)
The zap hits the adder.
The adder hisses angrily.
You hear a shout!
Aim: an adder (heavily wounded)
The zap hits the adder.
An ogre comes into view. It is wielding a +0 giant club.
Aim: an adder (almost dead)
The zap hits the adder.
You kill the adder!
Your Fighting skill increases to level 1!
Aim: an ogre, wielding a +0 giant club The zap hits the ogre.
Aim: an ogre, wielding a +0 giant club (moderately wounded)
You miscast Shock.
You are very lightly contaminated with residual magic.
You feel a strange surge of energy!
Aim: an ogre, wielding a +0 giant club (moderately wounded)
The zap hits the ogre.
Aim: an ogre, wielding a +0 giant club (heavily wounded)
The zap hits the ogre.
Aim: an ogre, wielding a +0 giant club (severely wounded)
The zap hits the ogre.
The ogre completely misses you.
A bat comes into view.
Found 9 gold pieces.
Your magical contamination has completely faded away.
There is an open door here.
Some of the chunks of flesh in your inventory have rotted away.
Aim: an ogre, wielding a +0 giant club (severely wounded)
You miscast Shock.
You are very lightly contaminated with residual magic.
Nothing appears to happen.
The ogre hits you with a +0 giant club.
Aim: an ogre, wielding a +0 giant club (severely wounded)
You miscast Shock.
You hear a whooshing sound.
The ogre hits you but does no damage.
Aim: an ogre, wielding a +0 giant club (severely wounded)
The zap hits the ogre. x2
You don't have enough magic to cast that spell.
The ogre closely misses you.
You don't have enough magic to cast that spell.
The ogre hits you with a +0 giant club!!
Ouch! That really hurt!
You die...

#####################
#...................#
###...#...#÷..#...#..#
#.........).÷......._# .
##.#...#...#...#...#..# .
#...........O@........#
####..####################
...............#######...####[.
...............'.....'...'..+..
...............#######...#.##.
....#######....###########.#..
....# #######.....# #.#.#
....#############.....####.#.#
>...'.................+....#.#


You could see an ogre.

Vanquished Creatures
  3 adders (D:2)
  A bat (D:1)
  4 hobgoblins (D:1)
  2 frilled lizards
  9 goblins
  4 rats
23 creatures vanquished.

Notes
Turn   | Place    | Note
-------+----------+-------------------------------------------
     0 | D:1      | vurker the Tengu Air Elementalist began the quest for the
                  | Orb.
     0 | D:1      | Reached XP level 1. HP: 10/10 MP: 4/4
   340 | D:1      | Reached XP level 2. HP: 15/15 MP: 0/6
   741 | D:2      | Reached XP level 3. HP: 8/20 MP: 0/7
  1121 | D:2      | Found a sacrificial altar of Ru.
  1225 | D:2      | Learned a level 3 spell: Static Discharge
  1245 | D:2      | Noticed an ogre
  1246 | D:2      | Reached skill level 1 in Fighting
  1302 | D:2      | Slain by an ogre

Levels and vault maps discovered:
D:1:      lemuel_arrival_muddy, layout_basic
D:2:      minmay_skewed_foursquare, layout_basic,
          nicolae_qazlal_general_emergency, lemuel_coloured_pillars_altar,
          uniq_natasha

Skill      XL: |  1  2  3 |
---------------+----------+-----
Conjurations   | 2 |  2.8
Fighting       | 1 |  1.0
Dodging        | |  2.1
Stealth        | |  2.0
Spellcasting   | |  2.5
Air Magic      | |  4.6

Action                   || total
-------------------------++-------
Melee: Dagger            ||     8
       Kick              ||     1
       Peck              ||     1
 Cast: Shock             ||    52
  Eat: Chunk             ||     2
Armor: Robe              ||     2
Dodge: Dodged            ||    10

Table legend:
 A = Non-vault XP
 B = Vault XP
 C = Vault XP percentage of total XP
 D = Non-vault monster count
 E = Vault monster count
 F = Vault count percentage of total count
                 A         B        C        D         E       F
            +---------+---------+-------+---------+---------+-------
      Total |      72 |       0 |   0.0 |      23 |       0 |   0.0
            +---------+---------+-------+---------+---------+-------
        D:1 |      23 |       0 |   0.0 |      15 |       0 |   0.0
        D:2 |      49 |       0 |   0.0 |       8 |       0 |   0.0
            +---------+---------+-------+---------+---------+-------
